 Dungeon Crawl Stone Soup version 0.30-a0-1074-g5db6f66fbb (webtiles) character file.

Game seed: 12684481257915354889

46 jimonade the Grasshopper (level 3, 0/27 HPs)
             Began as a Formicid Warper on Apr 14, 2023.
             Slain by an adder (2 damage)
             ... on level 3 of the Dungeon.
             The game lasted 00:03:37 (1706 turns).

jimonade the Grasshopper (Formicid Warper)          Turns: 1706, Time: 00:03:38

Health: 0/27       AC:  3    Str: 21    XL:     3   Next: 92%
Magic:  6/6        EV: 12    Int: 12    God:
Gold:   106        SH:  0    Dex: 15    Spells: 6/6 levels left

rFire   . . .      SeeInvis +    a - +0 short sword
rCold   . . .      Faith    .    (no shield)
rNeg    . . .      Spirit   .    b - +0 leather armour
rPois   .          Reflect  .    (helmet unavailable)
rElec   .          Rampage  .    (no cloak)
rCorr   .                        (no gloves)
Will    .....                    (no boots)
Stlth   +                        (no amulet)
HPRegen 0.24/turn                i - +6 ring of strength
MPRegen 0.10/turn                (no ring)

@: lethally poisoned (0 -> -10)
A: permanent stasis, dig shafts and tunnels, antennae 3, four strong arms
a: Dig, Shaft Self


You were on level 3 of the Dungeon.
You visited 1 branch of the dungeon, and saw 3 of its levels.

You collected 106 gold pieces.

Inventory:

Hand Weapons
 a - a +0 short sword (weapon)
 j - a +0 whip
 m - a +0 spear
 n - a +0 mace
 t - a +0 sling
Missiles
 d - 7 boomerangs of dispersal (quivered)
 q - 4 poisoned darts
Armour
 b - a +0 leather armour (worn)
 p - a +0 ring mail
Jewellery
 i - a +6 ring of strength (left hand)
Scrolls
 c - a scroll of blinking
 e - 2 scrolls of fear {unknown}
 f - 3 scrolls of teleportation {unknown}
 g - 2 scrolls of butterflies {unknown}
 l - a scroll of immolation {unknown}
 o - a scroll of noise {unknown}
 s - a scroll of identify {unknown}
Potions
 h - 2 potions of degeneration {unknown}
 k - a potion of magic {unknown}
 r - a potion of curing {unknown}
 u - a potion of attraction {unknown}


   Skills:
 + Level 2.3 Fighting
 + Level 2.2 Short Blades
 - Level 1.0 Throwing
 + Level 1.8 Armour
 + Level 1.9 Dodging
 + Level 2.3 Spellcasting
 * Level 3.5 Translocations


You had 6 spell levels left.
You didn't know any spells.
Your spell library contained the following spells:

 Spells                   Type           Power      Damage    Failure   Level
 Lesser Beckoning         Tloc           18%        N/A       11%         2
 Teleport Other           Tloc           9%         N/A       22%         3
 Manifold Assault         Tloc           9%         N/A       56%         4
 Blink                    Tloc           Unusable   N/A       N/A         2
 Vhi's Electric Charge    Tloc/Air       Unusable   N/A       N/A         3

Dungeon Overview and Level Annotations

Branches:
Dungeon (3/15)

Altars:
Trog

Shops:
D:2 =   D:3 *

Annotations:
D:2 1 runed translucent door, Crazy Yiuf


Innate Abilities, Weirdness & Mutations

You cannot be hasted, slowed, berserked, paralysed or teleported.
You can dig through walls and to a lower floor.
You have a pair of large antennae on your head. (SInv)
Your four strong arms can wield two-handed weapons with a shield.


Message History

You are poisoned.
The adder poisons you!
You hit the adder but do no damage.
The adder is moderately wounded.
You feel sick. The adder bites you.
You are more poisoned.
The adder poisons you!
You hit the adder.
The adder is moderately wounded.
You feel sick. The adder bites you but does no damage. The adder bites you.
You miss the adder.
The adder is moderately wounded.
You feel sick. The adder closely misses you.
You closely miss the adder.
The adder is moderately wounded.
You feel sick. The adder bites you but does no damage.
You barely miss the adder.
The adder is moderately wounded.
You feel sick. The adder closely misses you.
You barely miss the adder.
The adder is moderately wounded.
The adder closely misses you.
You hit the adder.
The adder is heavily wounded.
You feel sick. The adder bites you.
You are more poisoned.
The adder poisons you! The adder misses you.
You hit the adder.
The adder is severely wounded.
* * * LOW HITPOINT WARNING * * *
You feel sick. The adder bites you.
* * * LOW HITPOINT WARNING * * *
You are more poisoned.
The adder poisons you!
You barely miss the adder.
The adder is severely wounded.
* * * LOW HITPOINT WARNING * * *
You feel very sick. The adder bites you.
You die...

#.# #....###
#.. {#....'.#
#...
#....#.###
#...
.######...#
#... ..#
###.###
....#####...#
..........#.#
.....#..###...
... #.@# #..>
. #..S.# ##.#
.....!.# #
..._.#...#
...#... #..#
.. ##.# ..# .
#. ..# .. ..#


You could see an adder.

Vanquished Creatures
  An adder (D:2)
  2 dart slugs
  2 endoplasms
  A giant cockroach (D:1)
  2 goblins (D:1)
  3 hobgoblins
  3 jackals (D:1)
  A quokka (D:1)
  2 ball pythons
  7 bats
  A frilled lizard (D:1)
  4 kobolds
  5 rats
34 creatures vanquished.

Notes
Turn   | Place    | Note
-------+----------+-------------------------------------------
     0 | D:1      | jimonade the Formicid Warper began the quest for the Orb.
     0 | D:1      | Reached XP level 1. HP: 16/16 MP: 3/3
   152 | D:1      | Reached skill level 3 in Translocations
   228 | D:1      | Reached XP level 2. HP: 22/22 MP: 5/5
   566 | D:1      | Reached XP level 3. HP: 20/27 MP: 6/6
   929 | D:2      | Found Kyut's Jewellery Shop.
  1150 | D:2      | Found a runed translucent door.
  1191 | D:2      | Noticed Crazy Yiuf
  1607 | D:3      | Found Logucuji's Assorted Antiques.
  1688 | D:3      | Found a bloodstained altar of Trog.
  1706 | D:3      | Slain by an adder

Illustrated notes

Levels and vault maps discovered:
D:1:      shiori_arrival_whats_in_store_for_you, layout_basic,
          grunt_decor_clamped
D:2:      layout_rooms, serial_shops, shop, uniq_crazy_yiuf_cottage
D:3:      layout_basic, trog_three_pillars_becter, serial_shops, shop,
          corexii_leaking_fountain

Skill      XL: |  1 |
---------------+----+-----
Translocations | 3 |  3.5
Fighting       | |  2.3
Short Blades   | |  2.2
Throwing       | |  1.0
Armour         | |  1.8
Dodging        | |  1.9
Spellcasting   | |  2.3

Action                     || total
---------------------------++-------
  Melee: Short sword       ||   193
         Punch             ||     2
 Armour: Leather armour    ||    51
  Dodge: Dodged            ||   108

Table legend: (Time is in decaauts)
 A = Elapsed time spent in this place.
 B = Non-inter-level travel time spent in this place.
 C = Inter-level travel time spent in this place.
 D = Time resting spent in this place.
 E = Time spent auto-exploring this place.
 F = Levels seen in this place.
 G = Mean time per level.
                   A        B        C        D        E       F      G
               +--------+--------+--------+--------+--------+-----+--------+
         Total |   1685 |   1629 |     56 |      0 |   1089 |   3 |  561.7 |
       Dungeon |   1685 |   1629 |     56 |      0 |   1089 |   3 |  561.7 |
               +--------+--------+--------+--------+--------+-----+--------+

Top non-repeatable levels by time:
     D:1: 838 daAuts
     D:2: 682 daAuts
     D:3: 164 daAuts
